Map: Dusk Towers

Players

CasualTea - Winner!

  • Race: Zerg Zerg
  • League: Grandmaster

Miszu

  • Race: Protoss Protoss
  • League: Master

VOD

Have the link to the VOD?

Description

Time

  • Played on: June 29, 2016, 1:04 p.m.
  • Length: 12:45
Show
View Real Time Build Order
Export as new Build Order

CasualTea Zerg - Winner!

Build Orders: Hatch First, Lurkers 

Get SALT Encoding   

  12  0:01  Drone  
  13  0:08  Drone  
  14  0:17  Overlord  
  14  0:22  Extractor  
  14  0:24  Drone  
  15  0:37  Drone x2  
  17  0:52  Hatchery  
  16  1:05  Spawning Pool  
  16  1:08  Drone  
  16  1:12  Drone  
  17  1:32  Hatchery  
  17  1:35  Drone  
  17  1:39  Drone  
  18  1:42  Drone  
  19  1:50  Drone  
  19  1:54  Queen  
  22  2:04  Queen  
  22  2:06  Zergling x2  
  25  2:11  Overlord  
  25  2:18  Drone x2  
  25  2:20  Drone  
  28  2:36  Queen  
  28  2:39  Queen  
  28  2:41  Overlord  
  32  2:46  Queen  
  32  2:49  Drone  
  35  2:54  Drone x2  
  35  2:56  Drone  
  38  3:01  Zergling x4  
  40  3:08  Drone x3  
  43  3:20  Drone x6  
  43  3:23  Overlord  
  49  3:39  Drone  
  49  3:40  Queen  
  52  3:44  Extractor, Drone x4  
  52  3:45  Extractor, Drone x4  
  58  3:51  Overlord  
  58  4:01  Overlord  
  58  4:05  Roach Warren, Drone  
  58  4:10  Overlord  
  58  4:11  Drone x7  
  65  4:18  Drone  
  65  4:22  Spore Crawler  
  67  4:24  Spore Crawler, Drone x2  
  67  4:25  Spore Crawler  
  67  4:28  Overlord  
  67  4:29  Overlord  
  67  4:30  Drone x2  
  67  4:35  Drone x2  
  67  4:36  Drone x2  
  71  4:39  Drone x2  
  71  4:41  Drone  
  74  4:47  Lair  
  74  4:49  Drone x2  
  76  4:55  Metabolic Boost  
  76  4:59  Hatchery  
  75  5:10  Extractor, Drone x8  
  75  5:11  Extractor  
  75  5:12  Overlord, Extractor  
  75  5:13  Overlord x2, Extractor  
  79  5:19  Queen  
  79  5:36  Drone  
  79  5:37  Drone x9  
  89  5:45  Evolution Chamber  
  89  5:46  Evolution Chamber  
  89  5:47  Drone  
  89  5:48  Hydralisk Den, Drone x2  
  89  5:53  Drone  
  89  5:54  Drone x3  
  90  6:02  Overlord x2  
  90  6:03  Overlord  
  90  6:05  Hatchery  
  89  6:16  Queen  
  91  6:19  Zerg Missile Weapons Level 1, Zerg Ground Armor Level 1  
  91  6:21  Muscular Augments  
  91  6:23  Spore Crawler  
  91  6:24  Spore Crawler  
  89  6:27  Hydralisk x7  
  103  6:43  Hydralisk x2  
  103  6:44  Hydralisk x6  
  117  6:50  Overlord x3  
  111  6:59  Drone  
  112  7:02  Overlord x3  
  112  7:04  Overseer  
  112  7:08  Queen  
  114  7:10  Overlord x3  
  113  7:16  Overseer  
  113  7:21  Drone x3  
  113  7:22  Drone x2  
  118  7:23  Queen  
  118  7:27  Drone x4  
  124  7:34  Drone x6  
  130  7:42  Hydralisk x3  
  130  7:43  Hydralisk  
  138  7:47  Lurker Den  
  138  7:54  Hydralisk x4  
  146  8:11  Overlord x3  
  146  8:17  Zerg Ground Armor Level 2, Zerg Missile Weapons Level 2  
  146  8:20  Hydralisk x6  
  158  8:37  Baneling Nest  
  158  8:39  Roach x6  
  158  8:40  Roach x7  
  184  8:48  Zergling x12  
  184  8:49  Zergling x10  
  194  9:10  Overseer  
  194  9:18  Lurker x4  
  198  9:27  Extractor x2  
  196  9:38  Infestation Pit  
  196  9:40  Hatchery  
  194  9:53  Lurker x3  
  194  9:54  Lurker  
  190  10:34  Roach x3  
  190  10:35  Roach  
  196  10:36  Roach  
  183  10:56  Roach x12  
  197  10:57  Roach x3  
  197  10:58  Roach  
  173  11:06  Zergling x4  
  173  11:07  Zergling x12, Roach x6  
  173  11:08  Zergling x4, Roach x3  
  173  11:10  Roach  
  173  11:11  Roach x6  
  168  11:23  Hydralisk x11  
  182  11:41  Hydralisk x9  
  200  11:53  Zergling x4  
  199  11:56  Zergling x6  
  199  12:00  Zergling x10  
  190  12:13  Overlord x2  
  177  12:26  Zergling x14  
  177  12:27  Zergling x14  
Show
View Real Time Build Order
Export as new Build Order

Miszu Protoss 

Build Orders: 1 Gate Expand, Phoenix Opening 

Get SALT Encoding   

  12  0:01  Probe (Chrono Boost)  
  13  0:11  Probe (Chrono Boost)  
  14  0:17  Pylon  
  14  0:22  Probe (Chrono Boost)  
  16  0:35  Probe (Chrono Boost)  
  16  0:36  Gateway  
  16  0:46  Probe (Chrono Boost)  
  16  0:47  Assimilator  
  17  0:56  Probe (Chrono Boost)  
  18  1:07  Probe (Chrono Boost)  
  19  1:17  Nexus  
  19  1:29  Cybernetics Core  
  19  1:31  Probe (Chrono Boost)  
  20  1:36  Assimilator  
  20  1:41  Probe (Chrono Boost)  
  21  1:47  Pylon  
  21  1:52  Probe (Chrono Boost)  
  22  2:02  Probe (Chrono Boost)  
  22  2:05  Adept (Chrono Boost), Warp Gate (Chrono Boost)  
  25  2:13  Probe  
  26  2:26  Probe  
  27  2:30  Adept (Chrono Boost)  
  27  2:33  Probe  
  30  2:38  Probe  
  30  2:42  Gateway  
  30  2:43  Probe  
  31  2:44  Gateway  
  31  2:50  Mothership Core  
  34  2:56  Probe  
  35  3:08  Probe  
  35  3:11  Probe  
  37  3:13  Stargate  
  37  3:15  Stargate  
  37  3:19  Assimilator  
  37  3:20  Probe  
  37  3:21  Assimilator  
  37  3:23  Probe  
  39  3:32  Probe  
  40  3:35  Probe  
  41  3:44  Probe  
  41  3:47  Probe  
  41  3:48  Pylon  
  43  3:56  Probe  
  43  3:58  Phoenix (Chrono Boost)  
  46  4:04  Pylon  
  46  4:06  Phoenix (Chrono Boost), Probe  
  46  4:08  Probe  
  50  4:18  Nexus, Probe  
  50  4:20  Probe  
  52  4:32  Phoenix x2 (Chrono Boost)  
  52  4:38  Pylon, Probe  
  57  4:39  Probe  
  58  4:54  Phoenix x2 (Chrono Boost)  
  58  4:56  Probe x2  
  64  5:06  Pylon  
  64  5:08  Pylon  
  64  5:14  Probe x2  
  64  5:16  Phoenix x2 (Chrono Boost)  
  70  5:26  Probe  
  69  5:37  Phoenix x2 (Chrono Boost), Probe  
  69  5:38  Probe  
  69  5:40  Probe  
  76  5:45  Robotics Facility  
  76  5:48  Robotics Facility  
  76  5:49  Probe x2  
  77  5:52  Probe  
  79  5:59  Probe  
  79  6:01  Probe  
  81  6:09  Probe  
  81  6:10  Probe  
  82  6:13  Probe  
  82  6:14  Twilight Council  
  82  6:18  Forge  
  84  6:20  Pylon, Probe  
  84  6:21  Probe  
  84  6:25  Probe  
  87  6:26  Pylon  
  87  6:31  Probe  
  87  6:33  Probe  
  87  6:37  Probe  
  87  6:38  Assimilator x2  
  90  6:41  Immortal  
  90  6:42  Immortal, Probe  
  99  6:57  Adept x3  
  105  7:01  Protoss Ground Weapons Level 1 (Chrono Boost)  
  105  7:02  Charge  
  105  7:06  Templar Archives  
  105  7:08  Gateway  
  105  7:10  Gateway  
  105  7:14  Gateway x2  
  105  7:15  Gateway  
  105  7:18  Zealot x3  
  105  7:19  Immortal  
  115  7:27  Probe  
  116  7:39  Pylon  
  116  7:40  Pylon  
  116  7:42  Pylon  
  116  7:44  Pylon  
  116  7:48  Psionic Storm  
  116  7:52  Immortal  
  116  7:55  Observer, Pylon  
  121  8:00  High Templar x3  
  127  8:09  Pylon  
  127  8:11  High Templar, Pylon  
  127  8:12  High Templar  
  131  8:13  Pylon, Zealot x3  
  131  8:17  Immortal  
  137  8:26  Warp Prism  
  141  8:28  Nexus  
  141  8:29  Pylon  
  143  8:36  High Templar  
  143  8:37  Zealot x3  
  151  8:45  Pylon x2  
  151  8:51  High Templar, Immortal, Photon Cannon x2  
  151  8:52  High Templar  
  155  8:56  Archon  
  159  9:06  High Templar  
  161  9:14  Immortal  
  161  9:17  High Templar  
  161  9:22  Archon  
  167  9:30  Warp Prism  
  167  9:33  Assimilator  
  169  9:41  Gateway  
  169  9:43  Gateway  
  169  9:44  Assimilator  
  169  9:45  Pylon  
  169  9:47  Gateway  
  169  9:49  Gateway, Stargate  
  169  9:50  Fleet Beacon  
  169  9:51  Protoss Ground Weapons Level 2 (Chrono Boost)  
  169  10:10  Zealot x3  
  175  10:24  High Templar  
  175  10:25  High Templar x3  
  183  10:30  Archon x2  
  175  10:45  Zealot x3  
  175  10:46  Zealot  
  156  11:03  Zealot x4  
  156  11:04  Zealot x4  
  112  11:11  Probe  
  112  11:17  Tempest x3  
  112  11:18  High Templar x2  
  117  11:24  Immortal x2  
  119  11:31  High Templar  
  129  11:34  Assimilator  
  129  11:39  Zealot x3  
  135  11:40  Zealot x6  
  135  11:45  Probe  
  135  11:46  Probe x3  
  141  11:59  Tempest  
  106  12:14  High Templar  
  106  12:15  High Templar x2  
  112  12:16  High Templar  
  112  12:28  Archon  
  112  12:29  Archon  
  106  12:30  Zealot  
  106  12:31  Zealot  
  106  12:34  Zealot x2  
  106  12:36  Zealot x2  
  104  12:40  Zealot  
  104  12:41  Zealot  
Tags
 
Add a new tag
Caveats
  • Supply blocks, unpowered buildings, or Contaminate may cause inaccurate times.
  • Supply counts are checked every 10 seconds.